3L
AUSTIN RANGERS @ PHILADELPHIA 1776 BC
08/11/2023
 
TOP OF THE 1ST
Austin Rangers batting - Pitching for Philadelphia 1776 BC : LHP Carlos Sánchez
Pitching: LHP Carlos Sánchez
Batting: RHB Tony Hernández 0-0: Swinging Strike
0-1: Foul Ball, location: 2F
0-2: Ground out 6-3 (Groundball, 6)
Batting: RHB Pablo Trujillo 0-0: Called Strike
0-1: Ball
1-1: Swinging Strike
1-2: Ground out 5-3 (Groundball, 56)
Batting: SHB Carlos Kramer 0-0: Ground out 6-3 (Groundball, 6)
Top of the 1st over - 0 run(s), 0 hit(s), 0 error(s), 0 left on base; Austin 0 - Philadelphia 1776 0
BOTTOM OF THE 1ST
Philadelphia 1776 BC batting - Pitching for Austin Rangers : RHP Juan Valéncia
Pitching: RHP Juan Valéncia
Batting: RHB Jesús Orozco 0-0: Foul Ball, location: 2F
0-1: Foul Ball, location: 2F
0-2: Ground out U3 (Groundball, 3S)
Batting: LHB Cliff Aldridge 0-0: Ground out 1-3 (Groundball, 15S)
Batting: SHB Jesús Cabańe 0-0: Ball
1-0: Foul Ball, location: 2F
1-1: Ball
2-1: Ball
3-1: TRIPLE (Flyball, 89XD)
Batting: RHB Dave Morris 0-0: Reached on error, E5 (Groundball, 5S)
Jesús Cabańe scores
Batting: LHB Héctor Torres 0-0: Ball
1-0: Ground out U3 (Groundball, 3)
Bottom of the 1st over - 1 run(s), 1 hit(s), 1 error(s), 1 left on base; Austin 0 - Philadelphia 1776 1
TOP OF THE 2ND
Austin Rangers batting - Pitching for Philadelphia 1776 BC : LHP Carlos Sánchez
Batting: LHB Jesús Reyes 0-0: Ball
1-0: Ball
2-0: Ball
3-0: Foul Ball, location: 2F
3-1: Swinging Strike
3-2: SINGLE (Line Drive, 3D)
Batting: RHB José Muńóz 0-0: Foul Ball, location: 2F
0-1: Fly out, F8 (Flyball, 8LS)
Batting: LHB Yun Yen 0-0: Called Strike
0-1: Ball
1-1: Foul Ball, location: 2F
1-2: Foul Ball, location: 2F
1-2: Ball
2-2: Grounds into double play, 6-4-3 (Groundball, 6)
Top of the 2nd over - 0 run(s), 1 hit(s), 0 error(s), 0 left on base; Austin 0 - Philadelphia 1776 1
BOTTOM OF THE 2ND
Philadelphia 1776 BC batting - Pitching for Austin Rangers : RHP Juan Valéncia
Batting: RHB António Granados 0-0: Called Strike
0-1: Called Strike
0-2: Ground out 5-3 (Groundball, 56)
Batting: RHB Patrizio Vanali 0-0: Called Strike
0-1: Fly out, F4 (Popup, 3F)
Batting: RHB Russell Jackson 0-0: Ball
1-0: Ball
2-0: Ground out 5-3 (Groundball, 5)
Bottom of the 2nd over - 0 run(s), 0 hit(s), 0 error(s), 0 left on base; Austin 0 - Philadelphia 1776 1
TOP OF THE 3RD
Austin Rangers batting - Pitching for Philadelphia 1776 BC : LHP Carlos Sánchez
Batting: RHB Manny Freitas 0-0: Foul Ball, location: 2F
0-1: Ball
1-1: Foul Ball, location: 2F
1-2: Strikes out looking
Batting: RHB Yuji Ine 0-0: Called Strike
0-1: Foul Ball, location: 2F
0-2: Strikes out swinging
Batting: SHB Juan Sánchez 0-0: Called Strike
0-1: Swinging Strike
0-2: Strikes out swinging
Top of the 3rd over - 0 run(s), 0 hit(s), 0 error(s), 0 left on base; Austin 0 - Philadelphia 1776 1
BOTTOM OF THE 3RD
Philadelphia 1776 BC batting - Pitching for Austin Rangers : RHP Juan Valéncia
Batting: RHB Jesús Rodríguez 0-0: Fly out, F5 (Popup, 5DF)
Batting: RHB Jesús Orozco 0-0: Ball
1-0: Fly out, F9 (Flyball, 9S)
Batting: LHB Cliff Aldridge 0-0: Ball
1-0: Ball
2-0: Foul Ball, location: 2F
2-1: Foul Ball, location: 2F
2-2: Strikes out swinging
Bottom of the 3rd over - 0 run(s), 0 hit(s), 0 error(s), 0 left on base; Austin 0 - Philadelphia 1776 1
TOP OF THE 4TH
Austin Rangers batting - Pitching for Philadelphia 1776 BC : LHP Carlos Sánchez
Batting: RHB Tony Hernández 0-0: Called Strike
0-1: Ball
1-1: Ground out U3 (Groundball, 3)
Batting: RHB Pablo Trujillo 0-0: Called Strike
0-1: Ball
1-1: Ball
2-1: Ball
3-1: DOUBLE (Line Drive, 8RD)
Batting: SHB Carlos Kramer 0-0: Swinging Strike
0-1: Foul Ball, location: 2F
0-2: Ball
1-2: Strikes out swinging
Batting: LHB Jesús Reyes 0-0: Foul Ball, location: 2F
0-1: DOUBLE (Flyball, 78XD)
Pablo Trujillo scores
Batting: RHB José Muńóz 0-0: Ball
1-0: Ball
2-0: Foul Ball, location: 2F
2-1: Swinging Strike
2-2: Ground out 6-3 (Groundball, 6M)
Top of the 4th over - 1 run(s), 2 hit(s), 0 error(s), 1 left on base; Austin 1 - Philadelphia 1776 1
BOTTOM OF THE 4TH
Philadelphia 1776 BC batting - Pitching for Austin Rangers : RHP Juan Valéncia
Batting: SHB Jesús Cabańe 0-0: Ball
1-0: Called Strike
1-1: Swinging Strike
1-2: Fly out, F5 (Line Drive, 5S)
Batting: RHB Dave Morris 0-0: Swinging Strike
0-1: Ball
1-1: Ball
2-1: Foul Ball, location: 2F
2-2: Ball
3-2: Foul Ball, location: 2F
3-2: SINGLE (Groundball, 56D)
Batting: LHB Héctor Torres 0-0: Ball
1-0: Called Strike
Dave Morris steals 2nd base
1-1: Ball
2-1: Foul Ball, location: 2F
2-2: Strikes out swinging
Batting: RHB António Granados 0-0: Ball
1-0: Ground out U3 (Groundball, 3)
Bottom of the 4th over - 0 run(s), 1 hit(s), 0 error(s), 1 left on base; Austin 1 - Philadelphia 1776 1
TOP OF THE 5TH
Austin Rangers batting - Pitching for Philadelphia 1776 BC : LHP Carlos Sánchez
Batting: LHB Yun Yen 0-0: Called Strike
0-1: Ball
1-1: Ball
2-1: SINGLE (Groundball, 4MD)
Batting: RHB Manny Freitas 0-0: Fly out, F4 (Popup, 4)
Batting: RHB Yuji Ine 0-0: Ball
1-0: Foul Ball, location: 2F
1-1: Swinging Strike
1-2: Strikes out swinging
Batting: SHB Juan Sánchez 0-0: Swinging Strike
0-1: Ball
1-1: Ball
2-1: Ball
3-1: Called Strike
3-2: 2-RUN HOME RUN (Line Drive, 7D), Distance : 392 ft
Batting: RHB Tony Hernández 0-0: Ball
1-0: Ball
2-0: Called Strike
2-1: Ground out 6-3 (Groundball, 6M)
Top of the 5th over - 2 run(s), 2 hit(s), 0 error(s), 0 left on base; Austin 3 - Philadelphia 1776 1
BOTTOM OF THE 5TH
Philadelphia 1776 BC batting - Pitching for Austin Rangers : RHP Juan Valéncia
Batting: RHB Patrizio Vanali 0-0: Foul Ball, location: 2F
0-1: Called Strike
0-2: Strikes out swinging
Batting: RHB Russell Jackson 0-0: Called Strike
0-1: Fly out, F5 (Popup, 7LSF)
Batting: RHB Jesús Rodríguez 0-0: Ball
1-0: TRIPLE (Groundball, 3L)
Batting: RHB Jesús Orozco 0-0: Ball
1-0: Ball
2-0: Fly out, F7 (Line Drive, 7M)
Bottom of the 5th over - 0 run(s), 1 hit(s), 0 error(s), 1 left on base; Austin 3 - Philadelphia 1776 1
TOP OF THE 6TH
Austin Rangers batting - Pitching for Philadelphia 1776 BC : LHP Carlos Sánchez
Batting: RHB Pablo Trujillo 0-0: Ground out 5-3 (Groundball, 6S)
Batting: SHB Carlos Kramer 0-0: Ball
1-0: Called Strike
1-1: Called Strike
1-2: Ball
2-2: Ball
3-2: Foul Ball, location: 2F
3-2: Base on Balls
Batting: LHB Jesús Reyes 0-0: Ball
Carlos Kramer steals 2nd base
1-0: Ground out 4-3 (Groundball, 34)
Carlos Kramer to third
Batting: RHB José Muńóz 0-0: Foul Ball, location: 2F
0-1: Called Strike
0-2: Foul Ball, location: 2F
0-2: Ball
1-2: Ball
2-2: Strikes out swinging
Top of the 6th over - 0 run(s), 0 hit(s), 0 error(s), 1 left on base; Austin 3 - Philadelphia 1776 1
BOTTOM OF THE 6TH
Philadelphia 1776 BC batting - Pitching for Austin Rangers : RHP Juan Valéncia
Batting: LHB Cliff Aldridge 0-0: Ball
1-0: Ball
2-0: Ball
3-0: Base on Balls
Batting: SHB Jesús Cabańe 0-0: Called Strike
Cliff Aldridge is caught stealing 2nd base
0-1: Ball
1-1: Ball
2-1: Ground out 6-3 (Groundball, 6MS)
Batting: RHB Dave Morris 0-0: Ball
1-0: Foul Ball, location: 2F
1-1: Ball
2-1: Foul Ball, location: 2F
2-2: Strikes out swinging
Bottom of the 6th over - 0 run(s), 0 hit(s), 0 error(s), 0 left on base; Austin 3 - Philadelphia 1776 1
TOP OF THE 7TH
Austin Rangers batting - Pitching for Philadelphia 1776 BC : LHP Carlos Sánchez
Batting: LHB Yun Yen 0-0: SINGLE (Groundball, 56D)
Batting: RHB Manny Freitas 0-0: Ball
1-0: Called Strike
1-1: Grounds into double play, 6-4-3 (Groundball, 6M)
Batting: RHB Yuji Ine 0-0: Ball
1-0: Foul Ball, location: 2F
1-1: Ground out 5-3 (Groundball, 56S)
Top of the 7th over - 0 run(s), 1 hit(s), 0 error(s), 0 left on base; Austin 3 - Philadelphia 1776 1
BOTTOM OF THE 7TH
Philadelphia 1776 BC batting - Pitching for Austin Rangers : RHP Juan Valéncia
Batting: LHB Héctor Torres 0-0: Ball
1-0: Ball
2-0: Foul Ball, location: 2F
2-1: Foul Ball, location: 2F
2-2: Strikes out looking
Batting: RHB António Granados 0-0: Ball
1-0: Called Strike
1-1: Swinging Strike
1-2: Strikes out swinging
Batting: RHB Patrizio Vanali 0-0: Called Strike
0-1: Called Strike
0-2: Foul Ball, location: 2F
0-2: Strikes out swinging
Bottom of the 7th over - 0 run(s), 0 hit(s), 0 error(s), 0 left on base; Austin 3 - Philadelphia 1776 1
TOP OF THE 8TH
Austin Rangers batting - Pitching for Philadelphia 1776 BC : LHP Carlos Sánchez
Batting: SHB Juan Sánchez 0-0: Called Strike
0-1: Called Strike
0-2: Ball
1-2: Ball
2-2: Ball
3-2: Base on Balls
Pitching: RHP Salvador Tapia
Batting: RHB Tony Hernández 0-0: Bunt missed!
0-1: Sac Bunt - play at first, batter OUT! 1-4
Juan Sánchez to second
Batting: RHB Pablo Trujillo 0-0: Foul Ball, location: 2F
0-1: Fly out, F8 (Flyball, 8LM)
Batting: SHB Carlos Kramer 0-0: Called Strike
0-1: Ball
1-1: Foul Ball, location: 2F
1-2: Ball
2-2: Strikes out swinging
Top of the 8th over - 0 run(s), 0 hit(s), 0 error(s), 1 left on base; Austin 3 - Philadelphia 1776 1
BOTTOM OF THE 8TH
Philadelphia 1776 BC batting - Pitching for Austin Rangers : RHP Juan Valéncia
Now in CF: Motoshige Kitamura
Batting: RHB Russell Jackson 0-0: Ground out 5-3 (Groundball, 5)
Batting: RHB Jesús Rodríguez 0-0: Ball
1-0: Ball
2-0: Foul Ball, location: 2F
2-1: Ball
3-1: Foul Ball, location: 2F
3-2: Fly out, F8 (Line Drive, 8RXD)
Batting: RHB Jesús Orozco 0-0: Ball
1-0: Ball
2-0: Foul Ball, location: 2F
2-1: Called Strike
2-2: Foul Ball, location: 2F
2-2: Ball
3-2: Base on Balls
Pitching: LHP Josh Cox
Batting: LHB Cliff Aldridge 0-0: Ball
1-0: SINGLE (Line Drive, 7LS)
Jesús Orozco to second
Batting: SHB Jesús Cabańe 0-0: Called Strike
0-1: SINGLE (Flyball, 9LS)
Jesús Orozco to third
Cliff Aldridge to second
Runner from 3rd tries for Home, SAFE, no throw or cutoff
Batting: RHB Dave Morris 0-0: Ball
1-0: Ball
2-0: Foul Ball, location: 2F
2-1: Foul Ball, location: 2F
2-2: Ball
3-2: Base on Balls
Cliff Aldridge to third
Jesús Cabańe to second
Pinch Hitting: RHB Joe Smith 0-0: Ball
1-0: Foul Ball, location: 2F
1-1: Swinging Strike
1-2: DOUBLE (Groundball, 5L)
Cliff Aldridge scores
Jesús Cabańe scores
Dave Morris to third
Runner from 3rd tries for Home, SAFE, no throw or cutoff
Pitching: LHP Han-lee Pak
Batting: RHB António Granados 0-0: Ball
1-0: Fly out, F9 (Flyball, 9M)
Bottom of the 8th over - 4 run(s), 3 hit(s), 0 error(s), 1 left on base; Austin 3 - Philadelphia 1776 5
TOP OF THE 9TH
Austin Rangers batting - Pitching for Philadelphia 1776 BC : RHP Salvador Tapia
Pitching: RHP Lorenzo Tamargo
Now in LF: Brady Ferris
Batting: LHB Jesús Reyes 0-0: Ball
1-0: Swinging Strike
1-1: Swinging Strike
1-2: Foul Ball, location: 2F
1-2: Ground out 3-1 (Groundball, 34S)
Batting: RHB José Muńóz 0-0: Ball
1-0: Ball
2-0: Ball
3-0: Base on Balls
Batting: LHB Yun Yen 0-0: Ball
1-0: Called Strike
1-1: Ball
Wild Pitch!
José Muńóz to second
2-1: SINGLE (Groundball, 3D)
José Muńóz to third
Runner from 3rd tries for Home, SAFE, no throw or cutoff
Batting: RHB Manny Freitas 0-0: Ball
1-0: Ball
2-0: Called Strike
2-1: Foul Ball, location: 2F
2-2: Fly out, F8 (Flyball, 8LXD)
Batting: RHB Yuji Ine 0-0: Fly out, F8 (Flyball, 8RD)
Top of the 9th over - 1 run(s), 1 hit(s), 0 error(s), 1 left on base; Austin 4 - Philadelphia 1776 5
This league is powered by Out of the Park Baseball, the baseball management simulation game for PC, Mac and Linux
Friday, July 8th, 2016 - OOTP Baseball 16.9 Build 39